[Event "Late-Titled-Tuesday-Blitz-July-09-2024"]
[Site "Chess.com"]
[Date "2024.07.09"]
[Round "1"]
[White "rasmussvane"]
[Black "Redzishchess"]
[Result "1-0"]
[WhiteElo "2917"]
[BlackElo "2477"]
[TimeControl "180+1"]
[EndTime "14:06:31 PDT"]
[Termination "rasmussvane won by resignation"]

1. Nf3 Nf6 2. g3 b6 3. Bg2 Bb7 4. O-O g6 5. c4 Bg7 6. d4 O-O 7.
Re1 d6 8. Qc2 Nbd7 9. e4 e5 10.
Nc3 Re8 11. d5 a5 12. b3 Nc5 13. Be3 Rf8 14. a3 Qe7 15. b4 axb4 16. axb4 Ncd7 17.
h3 Nh5 18. Nb5 c6 19. dxc6 Bxc6 20. Nc3 f5 21. Bg5 Bf6 22. Bh6 Bg7 23. Bxg7 Nxg7 24.
Qd3 fxe4 25. Nxe4 Nf5 26. Rxa8 Bxa8 27. Rd1 Nf6 28. Nxd6 Rd8 29. Nxf5 1-0

[Event "Late-Titled-Tuesday-Blitz-July-09-2024"]
[Site "Chess.com"]
[Date "2024.07.09"]
[Round "1"]
[White "RodriQA"]
[Black "Vahe_Danielyan"]
[Result "1-0"]
[WhiteElo "2430"]
[BlackElo "2728"]
[TimeControl "180+1"]
[EndTime "14:06:31 PDT"]
[Termination "RodriQA won by resignation"]

1. b4 Nf6 2. Nf3 g6 3. Bb2 Bg7 4. c4 O-O 5. e3 c6 6. d4 d5 7.
Nbd2 Bf5 8. h3 Nbd7 9. Be2 a5 10. b5 Ne4 11. O-O Nxd2 12. Qxd2 Nb6 13. Rac1 dxc4 14.
bxc6 bxc6 15. Bxc4 Be4 16. Qe2 Nxc4 17. Rxc4 Bd5 18.
Rc5 Bxa2 19. Rxc6 Bd5 20. Rc5 a4 21. Ra1 Bb3 22. Ne5 Qd6 23. Nc4 Qa6 24. Qf1 Rfb8 25. Ba3 e6 26. Ne5 Qxf1+ 27. Kxf1 Bd5 28. Nc6 Rb7 29.
Ne7+ Rxe7 30. Rxd5 Rb7 31. Rc5 Bf8 32. Rc4 Bg7 33.
Bc5 e5 34. Rcxa4 Rc8 35. Ra8 Rbb8 36. Rxb8 Rxb8 37. Bd6 Re8 38. dxe5 Bxe5 39. Bxe5 Rxe5 40. Ke2 Kg7 41. g4 Rb5 42. Kf3 h5 43. Kg3 hxg4 44. hxg4 Rb2 45. Ra4 Rb7 46. Ra6 Re7 47. g5 Re5 48.
Kg4 Rf5 49. f3 Rb5 50. Rf6 Rb1 51. Kf4 Rg1 52. e4 Rb1 53. Rd6 Rb4 54. Ke5 Rb5+ 55. Rd5 Rb7 56. f4 Rb4 57. f5 gxf5 58. exf5 Rb1 59.
Rd4 Re1+ 60. Re4 Rd1 61. Kf4 Rf1+ 62. Kg4 Rg1+ 63. Kh5 Rh1+ 64. Rh4 Rf1 65. f6+ Kh7 66. Kg4+ Kg8 67. Kh5 Kh7 68. Rh2 Rf4 69. g6+ fxg6+ 70.
Kg5+ 1-0

[Event "Late-Titled-Tuesday-Blitz-July-09-2024"]
[Site "Chess.com"]
[Date "2024.07.09"]
[Round "1"]
[White "bazar-wokzal"]
[Black "duone"]
[Result "0-1"]
[WhiteElo "2615"]
[BlackElo "2317"]
[TimeControl "180+1"]
[EndTime "14:06:31 PDT"]
[Termination "duone won by resignation"]

1. e4 c5 2. c3 e6 3. d4 d5 4. e5 Nc6 5. Nf3 Qb6 6. Be2 Nh6 7. Bxh6 gxh6 8. O-O Qxb2 9. dxc5 Qxa1 10. Qb3 d4 11.
Bb5 Bd7 12. Bxc6 Bxc6 13. Nxd4 Bd5 14. Qb5+ Kd8 15. Rd1 Qxa2 16. c4 Qa6 17. cxd5 Qxb5 18. Nxb5 Bxc5 19. dxe6+ Ke7 20. exf7 Rad8 21. Rc1 Kxf7 22.
Kf1 Rc8 23. Ke2 Ke6 24. f4 a6 25. N5c3 Rhd8 26. g4 Bd4 27. Kf3 Bxc3 28. Nxc3 Rd3+ 29. Ke4 Rdxc3 30. f5+ Ke7 31. Rb1 b5 0-1

[Event "Late-Titled-Tuesday-Blitz-July-09-2024"]
[Site "Chess.com"]
[Date "2024.07.09"]
[Round "1"]
[White "mbachez"]
[Black "PawnEatingZombie"]
[Result "1-0"]
[WhiteElo "2613"]
[BlackElo "2279"]
[TimeControl "180+1"]
[EndTime "14:06:32 PDT"]
[Termination "mbachez won on time"]

1. e4 e6 2. d4 d5 3. e5 c5 4. c3 Nc6 5. Nf3 Nge7 6. Be2 Ng6 7. O-O Be7 8. a3 a5 9. Re1 O-O 10. Bd3 f6 11. exf6 Bxf6 12. Bc2 Qb6 13. dxc5 Qxc5 14. Nbd2 Bd7 15. Nf1 Nge5 16. Nxe5 Nxe5 17. Be3 Qe7 18.
Ng3 Nc4 19. Bc1 Qf7 20. Qd3 g6 21. f4 Nd6 22. Be3 Nf5 23. Nxf5 gxf5 24. Bd4 Rac8 25. Re3 Kh8 26. Rh3 Rg8 27. Rh6 Rg6 28. Rxg6 hxg6 29. Re1 Kg7 30. Qe3 b5 31. Bxf6+ Qxf6 32. Qa7 Qe7 33.
Bd3 Qc5+ 34. Qxc5 Rxc5 35. Kf2 Rc8 36. Ke3 Kf6 37. Kd4 Be8 38. b4 a4 39. Re3 Bf7 40.
Rh3 Bg8 41. Bxb5 1-0

[Event "Late-Titled-Tuesday-Blitz-July-09-2024"]
[Site "Chess.com"]
[Date "2024.07.09"]
[Round "1"]
[White "ernestina08chess"]
[Black "only_strong_moves"]
[Result "0-1"]
[WhiteElo "2326"]
[BlackElo "2654"]
[TimeControl "180+1"]
[EndTime "14:06:33 PDT"]
[Termination "only_strong_moves won on time"]

1. e4 e5 2. Nf3 Nc6 3. Bc4 a6 4. c3 h6 5. d4 Bd6 6. O-O Nge7 7.
dxe5 Bxe5 8. Nxe5 Nxe5 9. Bb3 d6 10. f4 N5g6 11. Be3 Be6 12. Bc2 f5 13. Bd4 O-O 14. g3 Kh7 15. Nd2 Qd7 16. Qf3 fxe4 17.
Nxe4 c5 18. Be3 Nf5 19. Bf2 Kg8 20. Rfd1 Rad8 21. Qh5 Qf7 22. Nxd6 Nxd6 23. Bxg6 Qf6 24. Bxc5 Bc8 25. Qd5+ Kh8 26. Bxd6 Qxg6 27. Qc5 Rfe8 28.
Be5 Bd7 29. Rd6 Qc2 30. Rxh6+ Kg8 31. Rg6 Qxg6 32. Rd1 Bc6 33. Qc4+ Kh7 34. Rxd8 Rxd8 35. Bd4 Qb1+ 36. Kf2 Qe4 0-1

[Event "Late-Titled-Tuesday-Blitz-July-09-2024"]
[Site "Chess.com"]
[Date "2024.07.09"]
[Round "1"]
[White "Kowarenai"]
[Black "CapivaraBondoso"]
[Result "1-0"]
[WhiteElo "2548"]
[BlackElo "1997"]
[TimeControl "180+1"]
[EndTime "14:06:35 PDT"]
[Termination "Kowarenai won by resignation"]

1. Nf3 Nf6 2. b3 g6 3. Bb2 Bg7 4. e3 O-O 5. d4 d6 6. Be2 c5 7. c4 Nc6 8. O-O cxd4 9. Nxd4 Bd7 10. Nc3 a6 11. Bf3 Qc8 12. Rc1 Re8 13. Nd5 Ne5 14. Nb6 Qd8 15. Nxd7 Qxd7 16. h3 Nxf3+ 17. Qxf3 Rac8 18.
Rfd1 b5 19. cxb5 axb5 20. Qe2 b4 21. Qb5 Qxb5 22. Nxb5 Ne4 23. Bxg7 Kxg7 24. f3 Nc3 25. Nxc3 bxc3 26. Rd3 Ra8 27. a4 Reb8 28. Rcxc3 Rb4 29. Rd4 Rb7 30. Kf2 Rab8 31. Rdd3 Kf8 32. Ke2 Ke8 33. Kd2 Kd7 34. Kc2 e6 35. Kb2 d5 36. Ka3 Kd6 37.
e4 f6 38. exd5 exd5 39. Rd4 Ke5 40. Rdd3 f5 41. Rc5 Rd8 42. g3 h5 43. h4 f4 44.
gxf4+ Kxf4 45. Rcxd5 Rxd5 46. Rxd5 Kxf3 47. Rg5 Rb6 48.
b4 Kf4 49. b5 Rf6 50. a5 Rf5 51. b6 Rxg5 52. hxg5 1-0

[Event "Late-Titled-Tuesday-Blitz-July-09-2024"]
[Site "Chess.com"]
[Date "2024.07.09"]
[Round "1"]
[White "Itay121"]
[Black "champ2005"]
[Result "1/2-1/2"]
[WhiteElo "2518"]
[BlackElo "3036"]
[TimeControl "180+1"]
[EndTime "14:06:37 PDT"]
[Termination "Game drawn by agreement"]

1. d4 Nf6 2. Nc3 d5 3. Bf4 a6 4.
e3 b5 5. a3 e6 6. b4 c6 7. Bd3 a5 8. bxa5 Qxa5 9. Qd2 Nbd7 10. Nge2 b4 11. Nb1 bxa3 12. Qxa5 Rxa5 13. O-O c5 14. c3 c4 15. Bc2 Be7 16. f3 Bb7 17.
Ra2 O-O 18. Nd2 Rfa8 19. Rb1 Bc6 20. e4 h6 21. e5 Ne8 22. Rba1 Nc7 23. g4 Nb6 24.
Kg2 Na4 25. Nb1 Nb5 26. Bc1 Nb6 27. Kg3 Kf8 28. f4 Ke8 29. h4 Kd7 30. f5 Bf8 31. Nf4 Na4 32. Ne2 Naxc3 33. Nbxc3 Nxc3 34. Nxc3 Bb4 35. Nb1 c3 36. Bxa3 Bb5 37. Bb3 Bd3 38. Bxb4 Rxa2 39.
Rxa2 Rxa2 40. Bxa2 c2 41. Bd2 cxb1=Q 42. Bxb1 Bxb1 43.
Kf4 Bc2 44. Bb4 1/2-1/2

[Event "Late-Titled-Tuesday-Blitz-July-09-2024"]
[Site "Chess.com"]
[Date "2024.07.09"]
[Round "1"]
[White "NowInChess"]
[Black "GlavkonVVS"]
[Result "0-1"]
[WhiteElo "2204"]
[BlackElo "2583"]
[TimeControl "180+1"]
[EndTime "14:06:37 PDT"]
[Termination "GlavkonVVS won on time"]

1. e4 Nf6 2. e5 Nd5 3. c4 Nb6 4. d4 d6 5. exd6 cxd6 6. Nc3 g6 7. Be3 Bg7 8. Rc1 O-O 9. b3 f5 10. Qd2 e5 11. dxe5 dxe5 12. Nf3 f4 13. Bc5 Qxd2+ 14.
Nxd2 Re8 15. Nde4 Na6 16. Bxb6 axb6 17. Nd5 Bf5 18. Nef6+ Kf7 19. Nxe8 Rxe8 20. Be2 Nc5 21. O-O Re6 22. Rcd1 g5 23. h3 e4 24. Rfe1 Rd6 25.
Bh5+ Kf8 26. Bg4 Bg6 27. h4 h6 28. hxg5 hxg5 29. b4 Nd3 30. Rf1 b5 31. Nc7 bxc4 32.
Ne6+ Kf7 0-1

[Event "Late-Titled-Tuesday-Blitz-July-09-2024"]
[Site "Chess.com"]
[Date "2024.07.09"]
[Round "1"]
[White "shirovin"]
[Black "FuenfgegenWilly"]
[Result "0-1"]
[WhiteElo "2086"]
[BlackElo "2554"]
[TimeControl "180+1"]
[EndTime "14:06:37 PDT"]
[Termination "FuenfgegenWilly won on time"]

1. e4 c5 2. Nf3 a6 3. c4 Nc6 4.
Nc3 e5 5. Be2 d6 6. O-O f5 7. d3 g6 8. Bg5 Be7 9. Bxe7 Ngxe7 10.
Nd5 O-O 11. Qd2 f4 12. g3 Nxd5 13. cxd5 Nd4 14. Nxd4 exd4 15. Bf3 Bh3 16. Bg2 Bxg2 17. Kxg2 f3+ 18. Kh1 Qd7 19. Qg5 b5 20. Rae1 Rae8 21. Qh4 Re5 22. g4 Rf4 23. h3 c4 24. dxc4 bxc4 25.
Rc1 Qc8 26. Rcd1 Rexe4 27. Qg5 d3 28. b3 Kg7 29. bxc4 h6 30. Qh4 g5 31. Qg3 Qxc4 32. Rc1 Qxd5 33. Rc7+ Rf7 34. Rxf7+ Qxf7 35. Rd1 Rd4 36.
Rd2 Qe6 37. Kh2 Qe5 38. Qxe5+ dxe5 39. Kg1 e4 40. Kf1 Rb4 41. Rd1 Kf6 42. Ke1 Ke5 43. Kd2 Kd4 44. Ke1 Rb2 0-1

[Event "Late-Titled-Tuesday-Blitz-July-09-2024"]
[Site "Chess.com"]
[Date "2024.07.09"]
[Round "1"]
[White "Patricius007"]
[Black "Juliana_Figueira"]
[Result "1-0"]
[WhiteElo "2545"]
[BlackElo "2000"]
[TimeControl "180+1"]
[EndTime "14:06:37 PDT"]
[Termination "Patricius007 won on time"]

1. e4 c5 2. Nf3 d6 3. b4 cxb4 4. d4 e6 5. a3 bxa3 6. Bxa3 Ne7 7. Nbd2 g6 8. Bd3 Bg7 9. O-O O-O 10. c4 b6 11. Qe2 Bb7 12. h4 Nbc6 13. Qe3 h5 14.
Rac1 Rc8 15. Rfd1 Qd7 16. Bb2 Rfd8 17. Ng5 d5 18. cxd5 exd5 19. e5 Nf5 20. Qf4 Nce7 21. Ra1 Bc6 22. Ndf3 Ra8 23. Nxf7 Rf8 24. N3g5 Qc7 25.
Ba3 Rxf7 26. Nxf7 Kxf7 27. Bxe7 Qxe7 28. Bxf5 gxf5 29. Qxf5+ Kg8 30. Qxh5 Rf8 31. Rd3 Be8 32. Qg4 Qf7 33. Rf3 Qe7 34. Rxf8+ Qxf8 35. Rxa7 b5 36. h5 Kh8 37. e6 b4 38. Rb7 Qf6 39. Rb8 Qe7 40. Qg6 Qd6 41. Rxe8+ Bf8 42. e7 1-0

[Event "Late-Titled-Tuesday-Blitz-July-09-2024"]
[Site "Chess.com"]
[Date "2024.07.09"]
[Round "1"]
[White "Goryachkina"]
[Black "sari07"]
[Result "1-0"]
[WhiteElo "2702"]
[BlackElo "2384"]
[TimeControl "180+1"]
[EndTime "14:06:38 PDT"]
[Termination "Goryachkina won on time"]

1. e4 e5 2. Nf3 Nc6 3. Bc4 Nf6 4. d3 h6 5. c3 d6 6. O-O g5 7. d4 Bg7 8. dxe5 dxe5 9. Qxd8+ Kxd8 10. Nbd2 Ke7 11. b3 Ne8 12. Ba3+ Nd6 13. Rad1 Be6 14. Bd5 Bxd5 15. exd5 Nb8 16. c4 b6 17. Rfe1 Nd7 18. b4 Kf6 19. c5 bxc5 20. bxc5 Nf5 21. c6 Nb6 22. Nxe5 Nxd5 23. Ne4+ Kxe5 24. Bb2+ Ke6 25. Nxg5+ Kd6 26. Nxf7+ Kxc6 27. Bxg7 Nxg7 28. Nxh8 Rxh8 29. Re5 Rd8 30. g3 Ne8 31. Re6+ Rd6 32. Rxe8 1-0

[Event "Late-Titled-Tuesday-Blitz-July-09-2024"]
[Site "Chess.com"]
[Date "2024.07.09"]
[Round "1"]
[White "Seochesspie"]
[Black "MusicCityMaster"]
[Result "1-0"]
[WhiteElo "2954"]
[BlackElo "2495"]
[TimeControl "180+1"]
[EndTime "14:06:39 PDT"]
[Termination "Seochesspie won by resignation"]

1. e4 e6 2. d4 d5 3. Nc3 Bb4 4.
Ne2 dxe4 5. a3 Bxc3+ 6. Nxc3 Nc6 7. d5 exd5 8. Qxd5 Qxd5 9. Nxd5 Nd4 10. Kd1 Ne6 11.
Be3 c6 12. Nc3 Nf6 13. Be2 O-O 14. Kc1 Rd8 15. Re1 b6 16. g4 Bb7 17. h4 c5 18.
g5 Nd5 19. Nxd5 Bxd5 20. b3 Nd4 21. Bg4 a5 22. Kb2 a4 23. b4 Bc6 24. Rad1 Rab8 25. Rd2 Kf8 26. Red1 Ne6 27. Rxd8+ Nxd8 28. bxc5 bxc5+ 29. Kc3 Nb7 30. Rb1 Rd8 31. Rb6 Bd5 32. Be2 Ke7 33. Ba6 Rd7 34. Bb5 Rd6 35. Rxd6 Kxd6 36. Bxa4 Nd8 37. Bb5 Ne6 38. a4 f5 39. a5 Nc7 40.
Bf4+ Ke6 41. Bxc7 1-0

[Event "Late-Titled-Tuesday-Blitz-July-09-2024"]
[Site "Chess.com"]
[Date "2024.07.09"]
[Round "1"]
[White "LoonsDeKoeben"]
[Black "oskariot"]
[Result "0-1"]
[WhiteElo "2435"]
[BlackElo "2802"]
[TimeControl "180+1"]
[EndTime "14:06:39 PDT"]
[Termination "oskariot won by resignation"]

1. e4 c5 2. Nf3 e6 3. b3 a6 4. Bb2 d5 5. exd5 exd5 6. Qe2+ Be6 7. d3 Nc6 8. Nbd2 Nf6 9. O-O-O Be7 10. g4 d4 11. g5 Nd5 12. Ne4 Qa5 13. Kb1 O-O-O 14. Qd2 Qxd2 15. Nfxd2 h6 16. gxh6 Rxh6 17. Nf3 Bg4 18. Ned2 Nc3+ 19. Bxc3 dxc3 20. Rg1 Bh5 21.
Bh3+ Kb8 22. Rde1 cxd2 23. Nxd2 Bg6 24. Rg3 Bd6 25. Rf3 Nd4 26. Rfe3 Bf4 27. Re8 Rxe8 28. Rxe8+ Ka7 29. Nc4 Rxh3 30. a4 Nc6 31. a5 Bc7 32. Rc8 Bxa5 33. Re8 Bc7 34. Rc8 Bxh2 35. b4 cxb4 36. Kb2 Bf5 37. Rc7 Be6 38. Rxf7 Bxf7 0-1

[Event "Late-Titled-Tuesday-Blitz-July-09-2024"]
[Site "Chess.com"]
[Date "2024.07.09"]
[Round "1"]
[White "sammartin99"]
[Black "AradNazari"]
[Result "0-1"]
[WhiteElo "2426"]
[BlackElo "2791"]
[TimeControl "180+1"]
[EndTime "14:06:39 PDT"]
[Termination "AradNazari won on time"]

1. d4 f5 2. Nf3 Nf6 3. c4 d6 4. Nc3 c6 5. d5 g6 6. g3 Bg7 7. Bg2 O-O 8. O-O cxd5 9. cxd5 Na6 10. Nd4 Nc5 11. b4 Nce4 12. Nxe4 Nxe4 13. Bb2 Qb6 14. a3 a5 15. b5 Bd7 16. a4 Rac8 17. Qd3 Nf6 18. Nb3 Ng4 19. Bxg7 Kxg7 20. e3 Ne5 21. Qd4 Qxd4 22. exd4 Nc4 23. Rfe1 Kf6 24. Rac1 Nb2 25. Nxa5 Nxa4 26. Nxb7 Bxb5 27. Bf1 Bxf1 28. Kxf1 Nc3 29. Re6+ Kf7 30. Rce1 Nxd5 31. Na5 Rc3 32. R6e2 Rb8 33. Ra1 Rb5 34. Rea2 Rd3 0-1

[Event "Late-Titled-Tuesday-Blitz-July-09-2024"]
[Site "Chess.com"]
[Date "2024.07.09"]
[Round "1"]
[White "Bkmzzzzz"]
[Black "tjallkompall"]
[Result "0-1"]
[WhiteElo "2422"]
[BlackElo "2790"]
[TimeControl "180+1"]
[EndTime "14:06:39 PDT"]
[Termination "tjallkompall won by resignation"]

1. e4 c5 2. Nf3 g6 3. c3 d5 4.
exd5 Qxd5 5. d4 Bg7 6. Be2 Nf6 7. O-O cxd4 8. Nxd4 O-O 9. Bf3 Qa5 10. Re1 e5 11. b4 Qc7 12. Nb5 Qb6 13. a4 Rd8 14. Qe2 e4 15. Bxe4 Nxe4 16. Qxe4 Nc6 17. Be3 Bf5 18.
Bxb6 Bxe4 19. Bxd8 Rxd8 20. f3 Bf5 21. Kf2 Nxb4 22. Re2 Nd3+ 23. Kg3 Be5+ 24. Kh4 Bf6+ 25. Kg3 h5 26. h3 Be5+ 27. f4 Bxf4+ 28. Kf3 g5 29. Nd2 Ne5+ 30. Rxe5 Rd3+ 31. Kf2 Bxe5 32. Nf3 Bf4 33. Re1 a6 34. Nbd4 Bd7 35. c4 g4 36.
hxg4 hxg4 37. Re4 Bd6 38. Nd2 Rxd2+ 39. Ke3 Rxg2 40. Ne2 Bc5+ 41. Kd2 Bc6 0-1

[Event "Late-Titled-Tuesday-Blitz-July-09-2024"]
[Site "Chess.com"]
[Date "2024.07.09"]
[Round "1"]
[White "nitpicker"]
[Black "Djager97"]
[Result "0-1"]
[WhiteElo "2304"]
[BlackElo "2632"]
[TimeControl "180+1"]
[EndTime "14:06:39 PDT"]
[Termination "Djager97 won by resignation"]

1. d4 d5 2. c4 e6 3. Nf3 Nf6 4. g3 c6 5. Qc2 Be7 6. Bg2 O-O 7.
O-O b6 8. Rd1 Bb7 9. Nc3 Nbd7 10.
b3 Qc8 11. e4 dxe4 12. Ng5 c5 13. d5 exd5 14. cxd5 Re8 15. Ngxe4 Bf8 16. Bb2 Qd8 17. d6 Nxe4 18. Nxe4 Rb8 19. h4 h6 20. Re1 Qc8 21. Rad1 Bc6 22. Nc3 Bxg2 23. Kxg2 Qc6+ 24. Kg1 Ne5 25. Re3 Nf3+ 26. Rxf3 Qxf3 27. d7 Red8 28.
Qe4 Qxe4 29. Nxe4 Rb7 0-1

[Event "Late-Titled-Tuesday-Blitz-July-09-2024"]
[Site "Chess.com"]
[Date "2024.07.09"]
[Round "1"]
[White "Millerkallpa"]
[Black "Gangster-accountant01"]
[Result "0-1"]
[WhiteElo "2231"]
[BlackElo "2593"]
[TimeControl "180+1"]
[EndTime "14:06:39 PDT"]
[Termination "Gangster-accountant01 won by resignation"]

1. e4 c5 2. Nf3 e6 3. d4 cxd4 4.
Nxd4 Nf6 5. e5 Qa5+ 6. Nc3 Qxe5+ 7. Be2 Nc6 8. Be3 Bb4 9. O-O O-O 10. Rb1 Bxc3 11.
bxc3 Nd5 12. Nxc6 dxc6 13. Bd4 Qc7 14. Qd2 e5 15. Bc5 Rd8 16. Rfd1 b6 17. Ba3 Be6 18.
Qe1 e4 19. Bf1 Qe5 20. Bb2 Nf4 21. g3 Nh3+ 22. Bxh3 Bxh3 23. Qe3 h6 24. Rd4 Re8 25. Rbd1 Qh5 26. Ba3 Bg4 27. Rc1 Bf3 28. Qe1 Rad8 29. Rb1 c5 30. Ra4 Rd2 31. Rxa7 e3 0-1

[Event "Late-Titled-Tuesday-Blitz-July-09-2024"]
[Site "Chess.com"]
[Date "2024.07.09"]
[Round "1"]
[White "eightbyeightchess"]
[Black "SRob2003"]
[Result "0-1"]
[WhiteElo "2387"]
[BlackElo "2707"]
[TimeControl "180+1"]
[EndTime "14:06:40 PDT"]
[Termination "SRob2003 won by checkmate"]

1. e4 c6 2. d4 d5 3. exd5 cxd5 4. c4 Nf6 5. Nc3 Nc6 6. Nf3 g6 7. cxd5 Nxd5 8. Bc4 Nxc3 9. bxc3 Bg7 10. O-O O-O 11.
h3 b6 12. Re1 Bb7 13. Bg5 Bf6 14. Bxf6 exf6 15. Qd2 Kg7 16. Qf4 Rc8 17. Bd3 Ne7 18.
c4 Bxf3 19. Qxf3 Qxd4 20. Rad1 Qc5 21. Re4 Rcd8 22. Rde1 Nc6 23. Bf1 Rd4 24. Rxd4 Nxd4 25. Qb7 a5 26. Re7 h5 27. Rc7 Qb4 28. Rd7 Ne6 29. Re7 Nc5 30. Qc6 Qb2 31. Re3 Rd8 32. Re7 a4 33. Qc7 Rf8 34. Qc6 a3 35. g3 Qxa2 36.
Bg2 Qb1+ 37. Kh2 a2 38. Bd5 a1=Q 39. Bxf7 Qg1# 0-1

[Event "Late-Titled-Tuesday-Blitz-July-09-2024"]
[Site "Chess.com"]
[Date "2024.07.09"]
[Round "1"]
[White "NajdorfPlayerc5"]
[Black "js20000"]
[Result "0-1"]
[WhiteElo "2421"]
[BlackElo "2787"]
[TimeControl "180+1"]
[EndTime "14:06:41 PDT"]
[Termination "js20000 won on time"]

1. e4 d6 2. d4 Nf6 3. Nc3 e6 4. Bc4 d5 5. exd5 exd5 6. Bd3 c6 7. Nf3 Bd6 8. O-O O-O 9. Bg5 h6 10. Bh4 Bg4 11. Re1 Nbd7 12. h3 Bh5 13. g4 Bg6 14. Bxg6 fxg6 15. Ne5 g5 16. Bg3 Bb4 17. f3 Nxe5 18. dxe5 Ne8 19. a3 Bxc3 20. bxc3 Nc7 21. Qd3 Ne6 22. c4 dxc4 23. Qxc4 Qd4+ 24. Qxd4 Nxd4 25. Re4 Nxf3+ 26. Kg2 Rad8 27. Rf1 Nd4 28. e6 Rxf1 29. Kxf1 Nxc2 30. e7 Re8 31. Bd6 Kf7 32.
Re2 Nd4 33. Rf2+ Ke6 34. Bc5 Nb3 35. Rf8 Kd7 36. Rxe8 Kxe8 37. Bxa7 Kxe7 38. Ke2 Kd6 39. Kd3 Nc5+ 40. Kd4 Nd7 41. Ke4 b6 42. Kd4 Kc7 43. a4 Kb7 0-1

[Event "Late-Titled-Tuesday-Blitz-July-09-2024"]
[Site "Chess.com"]
[Date "2024.07.09"]
[Round "1"]
[White "carloseduar100"]
[Black "mamey78"]
[Result "0-1"]
[WhiteElo "2272"]
[BlackElo "2610"]
[TimeControl "180+1"]
[EndTime "14:06:41 PDT"]
[Termination "mamey78 won by resignation"]

1. e4 e5 2. Nf3 Nc6 3. Nc3 Nf6 4. Nxe5 Nxe5 5. d4 Nc6 6. d5 Bb4 7. dxc6 bxc6 8. Bd2 d5 9. e5 Ng4 10. Qe2 O-O 11.
h3 Nxe5 12. O-O-O Nc4 13. Qf3 Nxd2 14. Rxd2 Rb8 15. g4 Qg5 16. Be2 d4 17. h4 Qc5 18.
Ne4 Bxd2+ 19. Nxd2 Be6 20. Nb3 Qd6 21. h5 Bd5 22. Qh3 Bxh1 23. Qxh1 c5 24. g5 Qf4+ 25. Kb1 Qxg5 26. Bc4 Rfe8 27. a3 h6 28. Qc6 Re7 29. Nxc5 Qf6 30. Qxf6 gxf6 31. Bd3 Kg7 32. Nb3 Rd8 33. Na5 Rd6 34. f4 Re3 35. b4 Rh3 36. Nc4 Rxh5 37. Nxd6 cxd6 38. Kb2 Rh4 39. f5 Kf8 40. a4 Ke7 41. b5 Kd8 42. a5 Kc7 43.
Kb3 Rh1 44. Kc4 h5 45. Kxd4 h4 46. Be4 Rd1+ 47. Ke3 h3 48. Ke2 Ra1 49. b6+ axb6 50. axb6+ Kxb6 0-1

[Event "Late-Titled-Tuesday-Blitz-July-09-2024"]
[Site "Chess.com"]
[Date "2024.07.09"]
[Round "1"]
[White "KNVB"]
[Black "schondeln"]
[Result "1-0"]
[WhiteElo "2683"]
[BlackElo "2369"]
[TimeControl "180+1"]
[EndTime "14:06:42 PDT"]
[Termination "KNVB won by resignation"]

1. d4 d5 2. Bf4 Nf6 3. e3 c6 4. c4 g6 5. Nc3 Bg7 6. Qb3 O-O 7. Nf3 b6 8. cxd5 Nxd5 9. Nxd5 cxd5 10. Rc1 Bb7 11. Bd3 Nc6 12. O-O e6 13. Rc3 Rc8 14. Rfc1 Na5 15. Qb4 Rxc3 16. Rxc3 Qa8 17.
Ne5 Rc8 18. Qe7 Bxe5 19. Bxe5 Rxc3 20. bxc3 Nc6 21. Qc7 Nxe5 22. dxe5 Qc8 23. Qxc8+ Bxc8 24. e4 Bb7 25. exd5 Bxd5 26. a3 Kf8 27. f3 Ke7 28.
Kf2 Kd7 29. Ke3 Kc6 30. Kd4 h6 31. c4 1-0

[Event "Late-Titled-Tuesday-Blitz-July-09-2024"]
[Site "Chess.com"]
[Date "2024.07.09"]
[Round "1"]
[White "santig8"]
[Black "Pitomina"]
[Result "0-1"]
[WhiteElo "2279"]
[BlackElo "2611"]
[TimeControl "180+1"]
[EndTime "14:06:43 PDT"]
[Termination "Pitomina won by resignation"]

1. e4 d5 2. exd5 Qxd5 3. Nc3 Qd8 4. d4 Nf6 5. Nf3 g6 6. Bc4 Bg7 7. O-O O-O 8. Bf4 a6 9. Re1 Nc6 10. h3 b6 11. Ne5 Bb7 12. Nxc6 Bxc6 13. d5 Bb7 14. Qe2 b5 15. Bb3 b4 16. Ne4 Nxd5 17.
Bg3 e6 18. Nc5 Qc8 19. Nxb7 Qxb7 20. Rad1 Bxb2 21. Be5 Bxe5 22. Qxe5 Rad8 23. h4 Qb5 24. h5 Nc3 25. Rxd8 Rxd8 26. Qf6 Ne2+ 27. Rxe2 Rd1+ 28.
Kh2 Qxh5+ 29. Kg3 Qxe2 30. f3 Qe1+ 31. Kh3 Qc3 32. Qf4 Rh1+ 33. Kg3 Qe1+ 34. Kg4 0-1

[Event "Late-Titled-Tuesday-Blitz-July-09-2024"]
[Site "Chess.com"]
[Date "2024.07.09"]
[Round "1"]
[White "Heydarli77"]
[Black "alexrustemov"]
[Result "0-1"]
[WhiteElo "2466"]
[BlackElo "2880"]
[TimeControl "180+1"]
[EndTime "14:06:44 PDT"]
[Termination "alexrustemov won by resignation"]

1. d4 g6 2. c4 Bg7 3. Nf3 d6 4. e4 Bg4 5. Be2 Bxf3 6. Bxf3 Nc6 7. d5 Nd4 8. O-O c5 9. dxc6 bxc6 10. Nc3 Rb8 11. Rb1 c5 12. Nd5 e6 13. Ne3 Ne7 14.
b3 Nec6 15. Bb2 O-O 16. Nc2 Nxc2 17. Qxc2 Bxb2 18. Rxb2 Nd4 19. Qd3 a5 20. Rfb1 e5 21.
Bd1 Qc7 22. Qc3 Rb7 23. h3 Rfb8 24. a3 Kg7 25. b4 axb4 26. axb4 cxb4 27. Rxb4 Rxb4 28.
Rxb4 Rxb4 29. Qxb4 Ne6 30. Be2 Nc5 31. Qb1 Qa5 32.
Qc1 Qa2 33. Qe3 Qa1+ 34. Kh2 Qb2 35. f3 Ne6 36. Bf1 Nd4 37. f4 Ne6 38. f5 Nc5 39. Kg1 Qd4 40. Qxd4 exd4 41. f6+ Kxf6 42. Kf2 Nxe4+ 43. Kf3 Nc5 44. Kf4 h5 45. Be2 g5+ 46. Kf3 h4 47. Bd1 Ke5 48. Ke2 Kf4 49. Kd2 Ne4+ 50. Ke1 Ke3 51. Bh5 f6 52. Bf3 d3 0-1

[Event "Late-Titled-Tuesday-Blitz-July-09-2024"]
[Site "Chess.com"]
[Date "2024.07.09"]
[Round "1"]
[White "Caterpiller35"]
[Black "K_A_S_T_O_R"]
[Result "1-0"]
[WhiteElo "2472"]
[BlackElo "2840"]
[TimeControl "180+1"]
[EndTime "14:06:44 PDT"]
[Termination "Caterpiller35 won by resignation"]

1. d4 Nf6 2. Bg5 e6 3. e4 h6 4.
Bxf6 Qxf6 5. c3 d6 6. Bd3 e5 7. Ne2 g6 8. O-O Bg7 9. f4 Qe7 10. Nd2 Nd7 11. f5 Nf6 12. fxg6 fxg6 13. Qb3 c6 14.
Nc4 b5 15. Na5 Bd7 16. d5 cxd5 17. Bxb5 dxe4 18. Rad1 Rc8 19. Nc4 d5 20. Ne3 Qc5 21.
Bxd7+ Nxd7 22. Qxd5 Qxd5 23. Rxd5 Ke7 24. Ng3 Nc5 25.
Rfd1 h5 26. b4 Bh6 27. Rxe5+ Kf6 28. Nc4 Nd3 29. Nxe4+ Kg7 30. Rxd3 Rxc4 31. Rd7+ Kf8 32. Nd6 1-0

[Event "Late-Titled-Tuesday-Blitz-July-09-2024"]
[Site "Chess.com"]
[Date "2024.07.09"]
[Round "1"]
[White "Martins-BR"]
[Black "Sek_Konstantin"]
[Result "0-1"]
[WhiteElo "2380"]
[BlackElo "2718"]
[TimeControl "180+1"]
[EndTime "14:06:45 PDT"]
[Termination "Sek_Konstantin won on time"]

1. e4 e5 2. Nf3 Nc6 3. d4 exd4 4. Nxd4 Nf6 5. Nc3 Bc5 6. Be3 Bb6 7. Nf5 O-O 8. Bxb6 axb6 9. Bd3 d5 10. exd5 Bxf5 11.
Bxf5 Re8+ 12. Kf1 Nb4 13. d6 cxd6 14. a3 Nc6 15. Qd2 Ra5 16. Bd3 Rae5 17. h3 d5 18. Kg1 Qd6 19. Rd1 g6 20. Ne2 d4 21. Ng3 h5 22. b4 h4 23. Ne2 Ne4 24. Bxe4 Rxe4 25. Nc1 Ne5 26. Nb3 Nc4 27. Qc1 Qf6 28. Rf1 Qe5 29. Nd2 Nxd2 30. Qxd2 Re2 31. Qd3 Rc8 32. f4 Qe7 33. Rc1 Rc3 0-1

[Event "Late-Titled-Tuesday-Blitz-July-09-2024"]
[Site "Chess.com"]
[Date "2024.07.09"]
[Round "1"]
[White "rhungaski"]
[Black "Adrian-thorsen"]
[Result "1-0"]
[WhiteElo "2642"]
[BlackElo "2314"]
[TimeControl "180+1"]
[EndTime "14:06:45 PDT"]
[Termination "rhungaski won by resignation"]

1. Nf3 Nc6 2. g3 e5 3. d3 d5 4. Bg2 Be6 5. O-O f6 6. e4 d4 7. Nh4 Qd7 8. f4 O-O-O 9. a3 h5 10. f5 Bf7 11. b4 Bd6 12. Nd2 Nge7 13. Nc4 g5 14.
fxg6 Nxg6 15. Nf5 Be6 16. b5 Nce7 17. b6 axb6 18. Nfxd6+ Qxd6 19. Nxd6+ Rxd6 20. h4 Bg4 21. Bf3 f5 22. Bxg4 fxg4 23. Bg5 Re8 24. Rf7 Nc6 25. Qf1 Nge7 26. Rf8 Rxf8 27. Qxf8+ Kd7 28. Rf1 b5 29. Rf7 Re6 30. Qh8 b4 31. axb4 b5 32. Qxh5 Nxb4 33. Qxg4 Nc6 34. h5 Kd6 35. Bxe7+ Nxe7 36. Qg5 Nc6 37.
Rf6 Rxf6 38. Qxf6+ Kc5 39. h6 1-0